 Dungeon Crawl Stone Soup version 0.29.1-4-g47bece8355 (webtiles) character file.

Game seed: 6909566044398182778

73 CaptainMV the Gusty (level 4, -8/33 HPs)
             Began as a Draconian Air Elementalist on Dec 7, 2022.
             Mangled by a gnoll
             ... wielding a +0 halberd
              (11 damage)
             ... on level 2 of the Dungeon.
             The game lasted 00:09:39 (1655 turns).

CaptainMV the Gusty (Draconian Air Elementalist)    Turns: 1655, Time: 00:09:40

Health: -8/33      AC:  5    Str: 10    XL:     4   Next: 8%
Magic:  1/7        EV: 12    Int: 18    God:
Gold:   69         SH:  0    Dex: 11    Spells: 5/8 levels left

rFire   . . .      SeeInvis .   i - +1 dagger (venom)
rCold   . . .      Faith    .   (no shield)
rNeg    . . .      Spirit   .   (body armour unavailable)
rPois   .          Reflect  .   (helmet restricted)
rElec   .          Harm     .   (no cloak)
rCorr   .          Rampage  .   (no gloves)
Will    .....                   (no boots)
Stlth   ++........              (no amulet)
HPRegen 0.11/turn               (no ring)
MPRegen 0.10/turn               (no ring)

@: no status effects
A: AC +5, unfitting armour, cold-blooded
a: no special abilities


You were on level 2 of the Dungeon.
You visited 1 branch of the dungeon, and saw 2 of its levels.

You collected 69 gold pieces.

Inventory:

Hand Weapons
 d - a +0 dagger
 i - a +1 dagger of venom (weapon)
Scrolls
 c - a scroll of vulnerability {unknown}
 e - a scroll of magic mapping {unknown}
 f - a scroll of amnesia {unknown}
 h - a scroll of identify {unknown}
Potions
 a - a potion of magic
 b - a potion of degeneration {unknown}
 g - 4 potions of curing {unknown}


   Skills:
 + Level 0.1 Fighting
 + Level 0.6 Short Blades
 + Level 2.3 Dodging
 + Level 2.3 Stealth
 + Level 0.2 Unarmed Combat
 + Level 2.5 Spellcasting
 + Level 1.3 Conjurations
 + Level 3.5 Air Magic


You had 5 spell levels left.
You knew the following spells:

 Your Spells              Type           Power      Damage    Failure   Level
a - Shock                 Conj/Air       44%        1d5       6%          1
b - Static Discharge      Conj/Air       11%        3-5/arc   10%         2

Your spell library contained the following spells:

 Spells                   Type           Power      Damage    Failure   Level
 Swiftness                Air            15%        N/A       12%         3
 Airstrike                Air            7%         2d(2-18)  36%         4


Dungeon Overview and Level Annotations

Branches:
Dungeon (2/15)

Altars:


Innate Abilities, Weirdness & Mutations

Your plain brown scales are hard. (AC +5)
You cannot fit into any form of body armour.
You are cold-blooded and may be slowed by cold attacks.


Message History

Nothing appears to happen.
The gnoll closely misses you. The gnoll barely misses you. x2
Casting: Static Discharge (safe; 11% risk of failure)
Confirm with . or Enter, or press ? or * to list all spells.
The gnoll is struck by an arc of lightning.
The gnoll is severely wounded.
You are struck by an arc of lightning.
The gnoll is struck by an arc of lightning.
You kill the gnoll!
The gnoll is struck by an arc of lightning!
The gnoll is almost dead.
The lightning grounds out.
The gnoll misses you.
Casting: Static Discharge (safe; 11% risk of failure)
Confirm with . or Enter, or press ? or * to list all spells.
You don't have enough magic to cast this spell.
Unknown command.
You hit the gnoll.
You kill the gnoll!
You feel yourself speed up.
The gnoll hits you from afar with a +0 halberd!
The gnoll closely misses you.
You have reached level 4!
You feel clever. The gnoll completely misses you.
Things that are here:
a +0 flail; a +0 whip You barely miss the gnoll.
The gnoll barely misses you.
You hit the gnoll.
The gnoll is lightly wounded.
The gnoll closely misses you.
You hit the gnoll.
The gnoll is poisoned.
The gnoll is moderately wounded.
The gnoll misses you.
Your magical contamination has completely faded away.
You closely miss the gnoll. You tail-slap the gnoll.
The gnoll is moderately wounded.
The gnoll hits you with a +0 halberd!
* * * LOW HITPOINT WARNING * * *
The gnoll hits you from afar with a +0 halberd!
You die...

# . .#
####.###### .#
..........# ###
.# .......<#.#
#.. .#
.###.##.^.. #.#
.# # ###.# #.#
.# #.# #.#
##########g##..#
#.# ..#
#.......@).....#
... ..#
#.###########.##
... ..# #.# ....
..#######.# ....
..........#
..........# ##
#########.# ..
.... .# ...## .#
#


You could see a gnoll (very poisoned).

Vanquished Creatures
  2 gnolls (D:2)
  An adder (D:2)
  A worm (D:2)
  2 dart slugs (D:1)
  A ball python (D:1)
  5 endoplasms
  4 giant cockroaches (D:1)
  2 hobgoblins
  A kobold (D:2)
  4 quokkas
  4 bats
  A frilled lizard (D:2)
  5 goblins
  3 rats
36 creatures vanquished.

Notes
Turn   | Place    | Note
-------+----------+-------------------------------------------
     0 | D:1      | CaptainMV the Draconian Air Elementalist began the quest
                  | for the Orb.
     0 | D:1      | Reached XP level 1. HP: 14/14 MP: 3/3
   530 | D:1      | Found a faded altar of an unknown god.
   537 | D:1      | Reached XP level 2. HP: 20/20 MP: 1/5
  1163 | D:2      | Reached XP level 3. HP: 26/26 MP: 2/6
  1344 | D:2      | Learned a level 2 spell: Static Discharge
  1650 | D:2      | Reached XP level 4. HP: 13/33 MP: 0/7
  1655 | D:2      | Mangled by a gnoll

Illustrated notes

Levels and vault maps discovered:
D:1:      shiori_arrival_maze, layout_basic, basic_ecumenical_altar
D:2:      layout_loops_ring, grunt_ministairs_1,
          amcnicky_mini_rare_corridor_liquid

Skill      XL: |  1  2  3 |
---------------+----------+-----
Stealth        | 2 |  2.3
Dodging        | 2 |  2.3
Fighting       | |  0.1
Short Blades   | |  0.6
Unarmed Combat | |  0.2
Spellcasting   | |  2.5
Conjurations   | |  1.3
Air Magic      | |  3.5

Action                   |  1- 3 |  4- 6 || total
-------------------------+-------+-------++-------
Melee: Unarmed           |    21 |       ||    21
       Tailslap          |    17 |     1 ||    18
       Dagger            |    71 |     4 ||    75
 Cast: Shock             |    29 |       ||    29
       Static Discharge  |     2 |       ||     2
 Stab: Sleeping          |     3 |       ||     3
Armor: Skin              |    26 |       ||    26
Dodge: Dodged            |    59 |     4 ||    63
